Map: Kairos Junction LE

Players

Schaeffer

  • Race: Terran Terran
  • League: Master
  • Spawn Location: 11:00

Stropheum - Winner!

  • Race: Zerg Zerg
  • League: Diamond
  • Spawn Location: 5:00

VOD

Have the link to the VOD?

Description

Time

  • Played on: Feb. 9, 2019, 10:04 p.m.
  • Length: 17:22
Show
View Real Time Build Order
Export as new Build Order

Schaeffer Terran 

Build Orders:  

Get SALT Encoding   

  12  0:02  SCV  
  14  0:14  SCV  
  14  0:18  Supply Depot  
  14  0:26  SCV  
  15  0:39  SCV  
  16  0:44  Barracks  
  16  0:51  SCV  
  17  1:03  SCV  
  18  1:14  Command Center  
  18  1:17  SCV  
  19  1:29  SCV  
  19  1:31  Marine, Refinery  
  21  1:40  Bunker  
  21  1:45  Orbital Command  
  21  1:49  Marine  
  22  1:55  Supply Depot  
  22  2:07  Marine  
  23  2:16  SCV  
  23  2:20  Refinery  
  24  2:23  Barracks  
  24  2:25  Marine  
  26  2:30  SCV  
  26  2:33  Orbital Command  
  26  2:42  Marine, SCV  
  28  2:54  SCV  
  28  2:57  Factory  
  29  3:00  Marine, SCV  
  31  3:06  SCV  
  32  3:13  Barracks Reactor  
  32  3:17  SCV  
  32  3:18  SCV  
  32  3:19  Barracks Tech Lab  
  34  3:24  Engineering Bay  
  34  3:29  SCV  
  34  3:30  SCV  
  36  3:34  Command Center  
  36  3:38  Marauder  
  38  3:41  SCV  
  38  3:42  SCV  
  38  3:44  Concussive Shells  
  38  3:45  Factory Tech Lab, Supply Depot  
  40  3:51  Armory  
  40  3:55  Supply Depot  
  40  3:56  SCV  
  40  3:57  SCV  
  40  3:59  Marine  
  40  4:01  Marine  
  44  4:05  Marauder  
  46  4:11  Supply Depot  
  46  4:12  SCV x2  
  48  4:18  Siege Tank  
  51  4:24  SCV  
  51  4:25  SCV  
  51  4:27  Refinery  
  51  4:28  Refinery  
  51  4:29  Marine  
  54  4:31  Marine  
  54  4:35  Marauder  
  57  4:43  Terran Infantry Weapons Level 1  
  57  4:46  SCV x2  
  57  4:50  Marine x2  
  57  4:52  Hellion  
  63  4:55  SCV  
  63  4:58  SCV x2  
  63  4:59  Missile Turret  
  66  5:01  Terran Vehicle Weapons Level 1  
  66  5:04  Marauder  
  68  5:09  SCV  
  68  5:10  SCV x2  
  68  5:12  Missile Turret  
  71  5:17  Marine x2  
  71  5:19  Hellbat  
  75  5:22  Engineering Bay  
  75  5:27  SCV x2  
  77  5:37  Command Center  
  77  5:39  Planetary Fortress  
  77  5:41  SCV x2  
  79  5:43  Marine x2  
  79  5:46  Stimpack  
  81  5:50  Terran Infantry Armor Level 1  
  81  5:53  SCV x2  
  81  5:57  Starport  
  83  5:59  Hellbat  
  85  6:09  Ghost Academy  
  85  6:13  Supply Depot  
  85  6:17  Missile Turret  
  85  6:22  Marine x2  
  85  6:23  Marauder, SCV x3  
  92  6:27  Infernal Pre-Igniter  
  92  6:35  Hellbat, SCV x3  
  92  6:37  Supply Depot  
  97  6:40  Starport Reactor, Supply Depot  
  97  6:46  Armory  
  97  6:47  Terran Infantry Weapons Level 2, SCV x3  
  97  6:53  Missile Turret  
  100  6:58  Missile Turret  
  100  6:59  Marine, SCV x3  
  100  7:00  Marine  
  100  7:01  Marine  
  106  7:03  SCV  
  106  7:06  Refinery  
  107  7:08  Refinery  
  107  7:11  SCV x2  
  107  7:14  Barracks  
  109  7:20  Terran Ship Weapons Level 1  
  109  7:22  Ghost  
  111  7:23  Marine x2  
  111  7:25  Medivac  
  111  7:26  Medivac  
  111  7:28  Personal Cloaking  
  117  7:34  Terran Vehicle And Ship Armor Level 1  
  117  7:40  Command Center  
  117  7:44  Barracks  
  117  7:52  Barracks  
  117  7:54  Marine x2, Ghost  
  121  8:01  Planetary Fortress  
  121  8:03  SCV x3  
  124  8:13  Barracks Tech Lab  
  124  8:14  Marine x2  
  124  8:18  SCV x3, Missile Turret  
  129  8:22  Hellbat  
  131  8:27  Factory  
  131  8:30  SCV  
  132  8:39  Starport  
  132  8:41  Factory, Terran Infantry Armor Level 2  
  132  8:49  Refinery x2  
  132  8:51  Viking x2, Ghost, SCV x4  
  132  8:53  Ghost  
  132  8:54  Barracks Reactor, Barracks Tech Lab  
  144  9:04  SCV x3  
  144  9:09  Command Center  
  147  9:10  Supply Depot  
  147  9:12  Supply Depot, Missile Turret  
  147  9:16  Starport Tech Lab  
  147  9:31  Marine x2, Ghost x2  
  147  9:32  Factory Reactor, SCV  
  147  9:33  Hellbat, Ghost  
  158  9:42  Marine x2  
  158  9:44  SCV  
  158  9:45  Raven  
  161  9:52  Supply Depot  
  163  9:53  Refinery, Supply Depot  
  163  9:54  Refinery  
  163  9:57  Liberator x2  
  163  9:59  Missile Turret  
  163  10:01  Planetary Fortress  
  163  10:09  Supply Depot  
  163  10:10  Marine, Supply Depot, SCV  
  163  10:11  Marine x2, Supply Depot  
  163  10:12  Ghost  
  163  10:13  Marine x3  
  163  10:14  SCV x2  
  146  10:28  Marine  
  146  10:29  Marine x2  
  146  10:31  Missile Turret  
  146  10:32  Marauder, SCV  
  146  10:33  SCV x2  
  146  10:35  Ghost  
  156  10:36  Terran Vehicle Weapons Level 2, Missile Turret  
  156  10:37  Terran Ship Weapons Level 2  
  156  10:40  Ghost  
  158  10:45  SCV  
  159  10:50  SCV x3  
  159  10:57  SCV  
  162  11:02  Marine x2, SCV x2  
  162  11:03  Marauder, Marine x2  
  170  11:13  Marauder, Marine  
  166  11:20  Marine x3  
  166  11:21  Marine  
  166  11:23  Marine  
  169  11:31  Marine  
  154  11:34  Marine  
  154  11:35  SCV x4  
  154  11:38  Marine x4  
  157  11:42  Marauder  
  157  11:43  Hellbat x3  
  157  11:45  Medivac x2, Viking  
  171  11:47  SCV x4  
  171  11:48  Marine  
  171  11:52  Marine  
  177  11:56  Marine x4  
  177  11:59  SCV x2  
  183  12:03  Marauder  
  183  12:04  Hellbat  
  183  12:07  Marauder  
  189  12:09  SCV x2  
  189  12:10  Marine  
  189  12:11  SCV x2  
  189  12:13  Marine  
  189  12:14  Marine x2  
  196  12:21  SCV x2  
  198  12:25  Marauder  
  198  12:26  Liberator  
  190  12:43  Marauder, Marine x3  
  196  12:45  Marine  
  196  12:49  Liberator x2  
  196  13:04  Marine x3  
  186  13:14  Siege Tank  
  186  13:15  Hellbat x2  
  186  13:18  Marine  
  186  13:19  Marauder  
  196  13:22  Liberator  
  196  13:32  Liberator x2  
  196  13:37  Marine x2  
  196  13:38  Marine x2  
  127  13:55  Marine x2  
  117  13:56  Marine x2  
  117  14:00  Hellbat x3  
  108  14:13  Marine x2  
  108  14:14  Marine  
  108  14:15  Marauder  
  113  14:21  Hellbat x2, Siege Tank  
  113  14:22  Raven  
  121  14:26  Command Center  
  121  14:30  Marine  
  121  14:31  Marine  
  122  14:36  Marauder  
  111  14:48  Marine x2  
  100  14:57  Marauder, Liberator x3  
  97  15:06  Marine x2  
  92  15:18  Marine, Hellion x3  
  105  15:24  Marine x2  
  106  15:36  Marauder  
  106  15:42  Marine x2  
  88  15:54  Orbital Command  
  85  15:58  Marauder  
  85  15:59  Marine  
  85  16:00  Marine  
  85  16:03  Hellion x2  
  93  16:10  Supply Depot  
  93  16:11  Supply Depot  
  93  16:12  Supply Depot x2  
  93  16:13  Orbital Command  
  93  16:33  Marine x3, Hellion  
  93  16:34  Hellion  
Show
View Real Time Build Order
Export as new Build Order

Stropheum Zerg - Winner!

Build Orders: Hatch First 

Get SALT Encoding   

  12  0:01  Drone  
  13  0:13  Overlord  
  13  0:18  Drone  
  14  0:31  Drone x2  
  14  0:35  Drone  
  17  0:51  Hatchery  
  17  0:56  Drone  
  17  0:58  Drone  
  18  1:10  Extractor  
  17  1:14  Spawning Pool  
  17  1:17  Drone  
  17  1:20  Drone  
  18  1:28  Drone  
  19  1:39  Overlord  
  19  2:03  Queen x2  
  19  2:04  Zergling x4  
  19  2:05  Drone  
  26  2:13  Metabolic Boost  
  26  2:14  Drone  
  26  2:15  Drone  
  28  2:22  Drone  
  29  2:26  Drone  
  30  2:39  Hatchery  
  29  2:45  Drone, Overlord  
  29  2:48  Drone  
  29  2:49  Drone  
  32  2:55  Drone  
  32  2:57  Drone  
  34  3:06  Drone  
  34  3:08  Drone  
  34  3:09  Queen  
  38  3:13  Drone x3  
  38  3:15  Drone  
  38  3:18  Overlord  
  42  3:22  Overlord  
  42  3:28  Lair  
  42  3:36  Evolution Chamber  
  42  3:38  Evolution Chamber  
  40  3:49  Drone  
  40  3:50  Drone x7  
  40  3:55  Overlord  
  48  4:00  Drone x3  
  51  4:03  Drone x2  
  53  4:15  Queen x2  
  57  4:20  Zerg Ground Armor Level 1  
  57  4:27  Queen  
  59  4:39  Zergling x4  
  59  4:40  Zergling x2  
  62  4:51  Queen x2  
  66  4:57  Zergling x8  
  66  4:58  Zergling x8  
  66  4:59  Overlord x4  
  74  5:10  Zerg Melee Weapons Level 1  
  74  5:11  Overlord x2  
  74  5:16  Queen  
  76  5:22  Overlord x2  
  76  5:24  Drone  
  76  5:25  Drone x8  
  76  5:26  Baneling Nest, Drone  
  85  5:36  Overlord  
  85  5:39  Overseer  
  85  5:55  Extractor  
  85  5:56  Extractor  
  83  5:59  Overlord x2  
  83  6:07  Drone x6  
  83  6:11  Extractor  
  88  6:12  Drone  
  88  6:13  Drone x8, Extractor  
  95  6:19  Hatchery  
  94  6:31  Centrifical Hooks  
  94  6:33  Overseer  
  94  6:35  Overlord x4  
  94  6:42  Extractor  
  94  6:44  Zergling x10  
  94  6:45  Hydralisk Den  
  97  6:57  Overseer  
  97  7:05  Overlord x2  
  97  7:06  Drone x8  
  105  7:15  Grooved Spines  
  105  7:16  Zerg Melee Weapons Level 2, Infestation Pit  
  105  7:17  Zergling x4  
  105  7:18  Zergling x2  
  107  7:33  Zerg Ground Armor Level 2  
  107  7:35  Drone x6  
  113  7:39  Overlord  
  113  7:41  Hatchery  
  112  7:46  Hatchery  
  111  7:57  Overlord x2  
  111  7:58  Drone x2, Overlord  
  111  7:59  Drone x5  
  111  8:00  Hive  
  111  8:02  Spire  
  111  8:04  Baneling x10  
  117  8:13  Pneumatized Carapace  
  117  8:19  Extractor  
  116  8:21  Extractor  
  115  8:35  Hydralisk, Muscular Augments  
  115  8:36  Hydralisk x6  
  115  8:37  Zergling x16  
  137  9:08  Drone x3  
  140  9:11  Adrenal Glands  
  140  9:14  Ultralisk Cavern  
  140  9:15  Greater Spire  
  139  9:19  Overlord x2  
  139  9:20  Zergling x44  
  139  9:21  Zergling x2  
  162  9:28  Hatchery  
  162  9:30  Extractor  
  160  9:31  Extractor  
  160  9:35  Zerg Melee Weapons Level 3  
  158  9:44  Drone x3  
  158  9:45  Drone x3  
  164  9:49  Hydralisk x7  
  164  9:50  Hydralisk x7  
  192  10:08  Zergling x2  
  192  10:09  Zergling x14  
  159  10:21  Hydralisk  
  159  10:22  Hydralisk x10  
  159  10:23  Zergling x10  
  159  10:28  Baneling x10  
  184  10:33  Chitinous Plating  
  183  11:00  Baneling x7  
  183  11:01  Baneling x15  
  183  11:02  Baneling  
  160  11:33  Viper x4  
  183  11:47  Ultralisk x2  
  183  11:51  Anabolic Synthesis  
  183  11:55  Overseer  
  183  11:57  Ultralisk  
  183  11:59  Zergling x22  
  200  12:13  Nydus Network  
  177  12:42  Hatchery, Extractor  
  175  12:44  Extractor  
  175  12:50  Zergling x2, Ultralisk x4  
  199  12:54  Baneling x2  
  185  13:12  Baneling x2  
  174  13:13  Zergling x2, Ultralisk x3  
  174  13:14  Zergling x14  
  200  13:23  Zerg Missile Weapons Level 1  
  200  13:24  Zerg Ground Armor Level 3  
  197  13:39  Unknown  
  156  13:50  Zergling x2  
  156  13:51  Zergling x46  
  156  13:52  Zergling x4  
  156  13:53  Ultralisk x2  
  156  13:54  Zergling x16, Ultralisk x2  
  195  14:15  Nydus Canal  
  188  14:19  Viper x4  
  198  14:33  Zergling x2  
  194  14:43  Nydus Canal  
  180  14:47  Zergling x20  
  180  14:50  Ultralisk  
  180  14:51  Zergling x6  
  199  15:02  Drone  
  200  15:12  Nydus Canal  
  200  15:23  Zerg Flyer Armor Level 1  
  200  15:24  Spire  
  200  15:26  Baneling  
  200  15:27  Baneling x5  
  186  15:46  Zergling x6  
  186  15:47  Zergling x36  
  186  15:49  Nydus Canal  
  191  16:20  Nydus Canal  
  191  16:23  Zergling x16  
  193  17:02  Unknown  
  193  17:05  Unknown  
  180  17:10  Unknown  
Tags
 
Add a new tag
Caveats
  • Supply blocks, unpowered buildings, or Contaminate may cause inaccurate times.
  • Supply counts are checked every 10 seconds.